 Dungeon Sprint DCSS version 0.24-a0-243-g8f5f5cd (webtiles) character file.

Game seed: 10391647400234317661

868 heike the Unseen (level 8, -6/64 HPs)
             Began as a Naga Enchanter on Apr 9, 2019.
             Was the Champion of Jiyva.
             Mangled by a deep troll (17 damage)
             ... in the Dungeon (Sprint I: "Red Sonja").
             The game lasted 00:03:16 (129 turns).

heike the Unseen (Naga Enchanter)                    Turns: 129, Time: 00:03:16

Health: -6/64      AC:  7    Str: 10    XL:     8   Next: 3%
Magic:  13/19      EV:  9    Int: 17    God:    Jiyva [******]
Gold:   243        SH:  4    Dex: 13    Spells: 13/19 levels left

rFire    . . .     SeeInvis +   a - +1 dagger
rCold    + + .     Gourm    .   (no shield)
rNeg     . . .     Faith    .   i - +1 scale mail {rC+}
rPois    +         Spirit   .   (no helmet)
rElec    .         Reflect  .   (no cloak)
rCorr    +         Harm     .   (no gloves)
MR       +....     NoTele   +   (no barding)
Stlth    ++++......             (no amulet)
HPRegen  0.20/turn              (no ring)
MPRegen  0.16/turn              (no ring)

@: very slow
A: large, claws 1, stinger 1, large bone plates 1, see invisible, cold
resistance 1, deformed body, high mp 1, poison resistance, slowness 2, slow
metabolism 1, spit poison 2, wild magic 1, eyeballs 1, gelatinous body 1,
tendrils, jelly absorbing missiles, AC +2
a: Breathe Poison Gas, Request Jelly, Slimify, Cure Bad Mutation, Renounce
Religion


You were in the Dungeon.
You worshipped Jiyva.
Jiyva was exalted by your worship.
You were completely stuffed.

You visited 1 branch You collected 243 gold pieces.

Inventory:

Hand Weapons
 a - a +1 dagger (weapon)
Armour
 b - a +0 robe
 i - a +1 scale mail of cold resistance (worn)
Wands
 c - a wand of flame (24)
Scrolls
 j - a scroll of blinking
 l - a scroll of identify {unknown}
Potions
 e - a potion of curing
 f - 2 potions of heal wounds
 g - a potion of haste
 h - 2 potions of magic
Comestibles
 d - a ration
 k - 3 chunks of flesh


   Skills:
 + Level 1.5 Fighting
 + Level 4.3 Short Blades
 + Level 1.0 Armour
 + Level 4.4 Dodging
 + Level 15.0 Stealth
 + Level 6.4 Spellcasting
 + Level 10.3 Hexes
 + Level 0.3 Ice Magic


You had 13 spell levels left.
You knew the following spells:

 Your Spells              Type           Power        Failure   Level  Hunger
a - Corona                Hex            ######.      2%          1    None
b - Ensorcelled Hibernat  Hex/Ice        ####..       21%         2    None
c - Confuse               Hex            ######..     6%          3    ##.....

Your spell library contained the following spells:

 Spells                   Type           Power        Failure   Level  Hunger
 Tukima's Dance           Hex            ######..     6%          3    ##.....
 Dazzling Spray           Conj/Hex       ####..       38%         3    ##.....


Dungeon Overview and Level Annotations

Branches:
Dungeon (1/1)

Altars:
Cheibriados
Dithmenos
Elyvilon
Fedhas
Gozag
Hepliaklqana
Kikubaaqudgha
Makhleb
Nemelex Xobeh
Okawaru
Qazlal
Ru
Sif Muna
Trog
Uskayaw
Vehumet
Wu Jian
Xom
Yredelemnul
Zin
The Shining One
Jiyva
Lugonu

Shops:
D [


Innate Abilities, Weirdness & Mutations

You cannot wear boots.
Your serpentine skin is tough. (AC +2)
You have supernaturally acute eyesight. (SInv)
Armour fits poorly on your strangely shaped body.
Your system is resistant to poisons. (rPois)
You cover ground very slowly.
You have a slow metabolism.
You can exhale a cloud of poison.
You have sharp fingernails.
Your tail ends in a poisonous barb.
You are partially covered in large bone plates. (SH +4)
Your flesh is cold resistant. (rC+)
You have an increased reservoir of magic. (+10% MP)
Your spells are a little harder to cast, but a little more powerful.
Your body has grown golden eyes which may confuse attackers. (Acc +3)
Your rubbery body absorbs attacks. (AC +1, EV +1)
You are covered in slimy tendrils that may disarm your opponents.
You have a small jelly attached to you that may absorb incoming projectiles.


Message History

There is an open door here.
Casting: Confuse (safe; 9% risk of failure)
Confirm with . or Enter, or press ? or * to list all spells.
Aiming: Ensorcelled Hibernation (safe; 28% risk of failure)
Press: ? - help, Shift-Dir - straight line, f - deep troll, p - Sonja
Aim: a deep troll (chance to defeat MR: 38%)
The deep troll easily resists.
Your death ooze hits Sonja!!
Sonja dies!
Your Short Blades skill increases to level 4!
Your Armour skill increases to level 1!
Your Stealth skill gained 2 levels and is now at level 15!
Your Spellcasting skill increases to level 6!
Your Hexes skill increases to level 10!
You have reached level 8!
You feel agile. The deep troll bites you!
* * * LOW HITPOINT WARNING * * *
The deep troll claws you but does no damage.
The deep troll claws you!
You die...

#<.#..').#..'..#__#
#..'..#..').#..'^.+
#..#####'#####'#__#
#..####..#...#.####
#..#__####..##.#
#..#_____##'#_.+
#⌠⌠#_.∩...'.(._#
####_..__##_.#'#
#_____###@#.#
#########T####.###
..GG....).......
..####.J.#######
##G## #G# *$*


$[?[ #### You could see a deep troll, 2 ballistomycete spores, 2 neutral shining
eyes (fellow slime) and a friendly death ooze.

Vanquished Creatures
  A slime creature (D)
  Sigmund (D)
  A yak (D)
  An ogre (D)
  Ijyb (D)
5 creatures vanquished.

Vanquished Creatures (collateral kills)
  Sonja (D)
1 creature vanquished.

Vanquished Creatures (others)
  An unseen horror (D)
  2 floating eyes (D)
  7 necrophages (D)
  5 jellies (D)
15 creatures vanquished.

Grand Total: 21 creatures vanquished

Notes
Turn   | Place    | Note
-------+----------+-------------------------------------------
     0 | D        | heike the Naga Enchanter began the quest for the Orb.
     0 | D        | Reached XP level 1. HP: 15/15 MP: 3/3
     1 | D        | Noticed Ijyb
     8 | D        | Killed Ijyb
     8 | D        | Reached skill level 6 in Stealth
     8 | D        | Reached XP level 2. HP: 22/22 MP: 3/5
     8 | D        | Reached XP level 3. HP: 28/28 MP: 4/7
    11 | D        | Noticed an ogre
    15 | D        | Killed an ogre
    15 | D        | Reached skill level 9 in Stealth
    15 | D        | Reached XP level 4. HP: 36/36 MP: 4/9
    45 | D        | Learned a level 2 spell: Ensorcelled Hibernation
    49 | D        | Learned a level 3 spell: Confuse
    50 | D        | Noticed Sigmund
    53 | D        | Killed Sigmund
    53 | D        | Reached skill level 1 in Fighting
    53 | D        | Reached skill level 11 in Stealth
    53 | D        | Reached XP level 5. HP: 44/44 MP: 8/12
    53 | D        | Reached XP level 6. HP: 51/51 MP: 8/13
    71 | D        | Found a burning altar of Makhleb.
    71 | D        | Found a viscous altar of Jiyva.
    71 | D        | Found a shimmering altar of Xom.
    71 | D        | Found a corrupted altar of Lugonu.
    71 | D        | Noticed a slime creature
    78 | D        | Killed a slime creature
    78 | D        | Reached skill level 13 in Stealth
    78 | D        | Reached skill level 5 in Spellcasting
    78 | D        | Reached XP level 7. HP: 57/57 MP: 9/15
    79 | D        | Became a worshipper of Jiyva Judeonis the Shapeless
    81 | D        | Reached * piety under Jiyva
    82 | D        | Found an ornate altar of the Wu Jian Council.
    82 | D        | Found a deep blue altar of Sif Muna.
    83 | D        | Reached ** piety under Jiyva
    84 | D        | Found a radiant altar of Vehumet.
    85 | D        | Reached *** piety under Jiyva
    85 | D        | Gained mutation: Your rubbery body absorbs attacks. (AC +1,
                  | EV +1) [Jiyva's grace]
    85 | D        | Reached **** piety under Jiyva
    85 | D        | Reached ***** piety under Jiyva
    85 | D        | Gained mutation: Your tail ends in a poisonous barb.
                  | [Jiyva's grace]
    86 | D        | Gained mutation: You have sharp fingernails. [Jiyva's
                  | grace]
    92 | D        | Gained mutation: Your spells are a little harder to cast,
                  | but a little more powerful. [Jiyva's grace]
    92 | D        | Reached ****** piety under Jiyva
    93 | D        | Gained mutation: You can exhale a cloud of poison. [Jiyva's
                  | grace]
   102 | D        | Gained mutation: Your flesh is cold resistant. (rC+)
                  | [Jiyva's grace]
   104 | D        | Gained mutation: You are covered in slimy tendrils that may
                  | disarm your opponents. [Jiyva's grace]
   104 | D        | Gained mutation: Your body has grown golden eyes which may
                  | confuse attackers. (Acc +3) [Jiyva's grace]
   108 | D        | Found Vyocem's Armour Emporium.
   108 | D        | Found an ancient bone altar of Kikubaaqudgha.
   108 | D        | Found a hazy altar of Hepliaklqana.
   108 | D        | Found a stormy altar of Qazlal.
   108 | D        | Found a hide-covered altar of Uskayaw.
   108 | D        | Found a blossoming altar of Fedhas.
   108 | D        | Found a bloodstained altar of Trog.
   108 | D        | Found an iron altar of Okawaru.
   108 | D        | Found a basalt altar of Yredelemnul.
   108 | D        | Found a glowing golden altar of the Shining One.
   108 | D        | Found a snail-covered altar of Cheibriados.
   108 | D        | Found a sacrificial altar of Ru.
   108 | D        | Found a glowing silver altar of Zin.
   108 | D        | Found a shadowy altar of Dithmenos.
   108 | D        | Found a white marble altar of Elyvilon.
   108 | D        | Noticed a yak
   109 | D        | Found an opulent altar of Gozag.
   110 | D        | Killed a yak
   111 | D        | Found a sparkling altar of Nemelex Xobeh.
   113 | D        | Gained mutation: You have a small jelly attached to you
                  | that may absorb incoming projectiles. [Jiyva's grace]
   117 | D        | Killed an unseen horror
   119 | D        | Gained mutation: You have an increased reservoir of magic.
                  | (+10% MP) [Jiyva's grace]
   122 | D        | Noticed Sonja
   122 | D        | Noticed a shining eye
   122 | D        | Noticed a shining eye
   122 | D        | Gained mutation: You are partially covered in large bone
                  | plates. (SH +4) [Jiyva's grace]
   124 | D        | Noticed a deep troll
   124 | D        | Noticed a shining eye
   129 | D        | Killed Sonja
   129 | D        | Reached skill level 1 in Armour
   129 | D        | Reached skill level 15 in Stealth
   129 | D        | Reached skill level 10 in Hexes
   129 | D        | Reached XP level 8. HP: 24/64 MP: 13/19
   129 | D        | Mangled by a deep troll

Levels and vault maps discovered:
D:        dungeon_sprint_1 [red_sonja_temple_1, red_sonja_temple_small_1]

Skill      XL: |  1  2  3  4  5  6  7 |
---------------+----------------------+-----
Dodging        | 2 3 4 |  4.4
Stealth        | 6 9 11 13 15 | 15.0
Hexes          | 4 6 7 9 10 | 10.3
Short Blades   | 2 3 4 |  4.3
Spellcasting   | 3 4 5 6 |  6.4
Fighting       | 1 |  1.5
Armour         | 1 |  1.0
Ice Magic      | |  0.3

Action                   |  1- 3 |  4- 6 |  7- 9 || total
-------------------------+-------+-------+-------++-------
Melee: Dagger            |     7 |     3 |     1 ||    11
 Cast: Ensorcelled Hiber |       |     1 |     1 ||     2
       Confuse           |       |     1 |     1 ||     2
  Use: Potion            |     1 |       |       ||     1
 Stab: Sleeping          |     1 |     2 |     1 ||     4
       Confused          |       |     1 |       ||     1
Armor: Robe              |     1 |       |       ||     1
       Scale mail        |       |       |     2 ||     2
Dodge: Dodged            |     3 |       |     2 ||     5

Table legend:
 A = Non-vault XP
 B = Vault XP
 C = Vault XP percentage of total XP
 D = Non-vault monster count
 E = Vault monster count
 F = Vault count percentage of total count
                 A         B        C        D         E       F
            +---------+---------+-------+---------+---------+-------
      Total |       0 |    1240 | 100.0 |       0 |       6 | 100.0
            +---------+---------+-------+---------+---------+-------
          D |       0 |    1240 | 100.0 |       0 |       6 | 100.0
            +---------+---------+-------+---------+---------+-------
